General information
- name: BNet
- type: Ladder team game (AT/RT)
- host: Battle.net
- saver: Mata.
map: FullScaleAssault
- players: 8
- length: 68:39
- speed: Fast
- version: 1.23 W3XP
- replay type:

» download(532 KB)
Players
team 1 (loser)
creativE) (
purple | 51 APM | 3161 actions | 61:58)
8 Tauren Chieftain
3 Endurance Aura
3 War Stomp
1 Reincarnation
1 Shockwave
6 Shadow Hunter
3 Healing Wave
2 Hex
1 Big Bad Voodoo
» actions
| Assign group hotkey | 38 | |
| Basic commands | 13 | |
| Build / train | 116 | |
| ESC pressed | 14 | |
| Enter build submenu | 56 | |
| Enter hero's abilities submenu | 15 | |
| Give item / drop item | 3 | |
| Remove unit from queue | 4 | |
| Right click | 1365 | |
| Select / deselect | 870 | |
| Select group hotkey | 523 | |
| Use ability | 144 | |
3161 total
» units
| Peon | 18 | |
| Grunt | 4 | |
| Shaman | 4 | |
| Kodo Beast | 1 | |
| Tauren | 6 | |
| Troll Batrider | 5 | |
| Demolisher | 6 | |
| Troll Headhunter/Berserker | 18 | |
| Troll Witch Doctor | 2 | |
64 total
» upgrades
| Berserker Strength | 1 | |
| Shaman Training | 2 | |
| Armor | 2 | |
| War Drums Damage Increase | 1 | |
| Reinforced Defenses | 1 | |
| Witch Doctor Training | 2 | |
| Liquid Fire | 1 | |
| Burning Oil | 1 | |
| Troll Regeneration | 1 | |
| Berserker Upgrade | 1 | |
| Envenomed Spears | 1 | |
| Ranged Weapons | 1 | |
| Pulverize | 1 | |
16 total
» buildings
| Altar of Storms | 3 | |
| Orc Burrow | 14 | |
| Barracks | 4 | |
| Voodoo Lounge | 2 | |
| Stronghold | 5 | |
| Fortress | 3 | |
| Spirit Lodge | 1 | |
| War Mill | 2 | |
| Beastiary | 2 | |
| Tauren Totem | 1 | |
| Watch Tower | 11 | |
| Great Hall | 6 | |
54 total
» build order
00:03 Altar of Storms
00:16 Orc Burrow
01:02 Barracks
01:30 Orc Burrow
02:00 Voodoo Lounge
02:59 Stronghold
02:59 Stronghold
04:13 Orc Burrow
05:09 Orc Burrow
05:46 Fortress
05:48 Spirit Lodge
05:55 War Mill
06:29 Beastiary
08:05 Orc Burrow
08:52 Tauren Totem
09:27 Watch Tower
09:32 Watch Tower
11:44 Great Hall
12:06 Watch Tower
12:46 Beastiary
13:15 Orc Burrow
15:15 Great Hall
20:22 Barracks
21:40 Watch Tower
21:40 Watch Tower
21:41 Watch Tower
21:42 Watch Tower
21:53 Orc Burrow
22:54 Watch Tower
23:12 Great Hall
24:33 Great Hall
24:39 Watch Tower
25:44 Watch Tower
25:45 Watch Tower
40:24 Barracks
40:39 Orc Burrow
40:40 Orc Burrow
41:58 Orc Burrow
41:59 Stronghold
41:59 Stronghold
43:04 Great Hall
43:45 Orc Burrow
48:37 Stronghold
48:42 Orc Burrow
49:53 Altar of Storms
51:40 Barracks
51:42 War Mill
52:10 Fortress
52:10 Fortress
52:45 Great Hall
53:33 Voodoo Lounge
59:33 Altar of Storms
59:40 Orc Burrow
59:58 Orc Burrow
» items
| Healing Salve | 3 | |
| Lesser Clarity Potion | 2 | |
| Scroll of Speed | 2 | |
| Scroll of Healing | 1 | |
8 total
DiMo.X.x.X. (
green | 77 APM | 4773 actions | 61:51)
10 Mountain King
3 Storm Bolt
3 Bash
1 Avatar
3 Thunder Clap
» actions
| Assign group hotkey | 64 | |
| Basic commands | 227 | |
| Build / train | 109 | |
| ESC pressed | 9 | |
| Enter build submenu | 46 | |
| Enter hero's abilities submenu | 10 | |
| Give item / drop item | 3 | |
| Remove unit from queue | 1 | |
| Right click | 1943 | |
| Select / deselect | 727 | |
| Select group hotkey | 1432 | |
| Use ability | 202 | |
4773 total
» units
| Peasant | 20 | |
| Rifleman | 14 | |
| Mortar Team | 28 | |
| Flying Machine | 4 | |
| Siege Engine | 2 | |
| Dragonhawk Rider | 10 | |
78 total
» upgrades
| Gunpowder | 3 | |
| Armor | 2 | |
| Long Rifles | 1 | |
| Lumber Harvesting | 1 | |
| Flare | 1 | |
| Fragmentation Shards | 1 | |
| Barrage | 1 | |
| Cloud | 1 | |
11 total
» buildings
| Altar of Kings | 1 | |
| Farm | 18 | |
| Blacksmith | 1 | |
| Barracks | 1 | |
| Lumber Mill | 1 | |
| Arcane Vault | 1 | |
| Keep | 1 | |
| Scout Tower | 5 | |
| Guard Tower | 2 | |
| Arcane Tower | 1 | |
| Workshop | 2 | |
| Castle | 1 | |
| Town Hall | 7 | |
| Gryphon Aviary | 3 | |
45 total
» build order
00:04 Altar of Kings
00:10 Farm
00:33 Blacksmith
01:20 Barracks
01:42 Farm
01:49 Lumber Mill
01:54 Farm
02:35 Arcane Vault
03:04 Farm
03:46 Farm
04:15 Farm
04:26 Keep
04:43 Farm
04:52 Farm
06:10 Farm
06:13 Farm
06:14 Scout Tower
06:52 Scout Tower
06:54 Scout Tower
07:10 Scout Tower
07:27 Guard Tower
07:29 Scout Tower
07:37 Guard Tower
08:07 Arcane Tower
09:01 Workshop
10:09 Castle
11:55 Workshop
12:10 Farm
12:11 Farm
13:15 Farm
13:17 Farm
22:49 Farm
22:51 Farm
22:53 Farm
22:56 Farm
25:10 Town Hall
28:55 Town Hall
32:37 Town Hall
33:12 Town Hall
40:49 Town Hall
41:15 Gryphon Aviary
41:16 Gryphon Aviary
41:50 Gryphon Aviary
53:34 Town Hall
53:52 Town Hall
» items
| Dust of Appearance | 1 | |
| Scroll of Regeneration | 1 | |
| Scroll of Town Portal | 1 | |
3 total

»
vivostiano (
blue | 47 APM | 3162 actions | 66:49)
10 Death Knight
3 Death Coil
3 Unholy Aura
1 Animate Dead
3 Death Pact
6 Lich
3 Frost Nova
1 Dark Ritual
1 Frost Armor
1 Death and Decay
» actions
| Assign group hotkey | 23 | |
| Basic commands | 304 | |
| Build / train | 92 | |
| Enter build submenu | 26 | |
| Enter hero's abilities submenu | 17 | |
| Give item / drop item | 5 | |
| Remove unit from queue | 1 | |
| Right click | 1166 | |
| Select / deselect | 549 | |
| Select group hotkey | 837 | |
| Use ability | 142 | |
3162 total
» units
| Acolyte | 15 | |
| Ghoul | 3 | |
| Crypt Fiend | 9 | |
| Obsidian Statue | 7 | |
| Goblin Zeppelin | 3 | |
| Frost Wyrm | 4 | |
41 total
» upgrades
| Creature Attack | 3 | |
| Creature Carapace | 3 | |
| Web | 1 | |
| Destroyer Form | 1 | |
| Burrow | 1 | |
| Freezing Breath | 1 | |
| Disease Cloud | 1 | |
| Exhume Corpses | 1 | |
12 total
» buildings
| Altar of Darkness | 1 | |
| Ziggurat | 13 | |
| Crypt | 1 | |
| Graveyard | 2 | |
| Tomb of Relics | 1 | |
| Halls of the Dead | 1 | |
| Spirit Tower | 11 | |
| Slaughterhouse | 2 | |
| Black Citadel | 1 | |
| Sacrificial Pit | 1 | |
| Boneyard | 2 | |
36 total
» build order
00:15 Altar of Darkness
00:18 Ziggurat
00:38 Crypt
01:11 Graveyard
01:27 Ziggurat
02:43 Ziggurat
03:39 Tomb of Relics
04:23 Halls of the Dead
06:07 Ziggurat
06:10 Ziggurat
06:38 Ziggurat
07:47 Spirit Tower
08:40 Slaughterhouse
09:21 Black Citadel
12:04 Ziggurat
12:06 Ziggurat
13:01 Spirit Tower
14:00 Slaughterhouse
14:14 Ziggurat
14:24 Spirit Tower
14:28 Spirit Tower
21:02 Spirit Tower
21:33 Sacrificial Pit
22:39 Boneyard
22:46 Boneyard
23:35 Spirit Tower
23:38 Spirit Tower
27:22 Graveyard
29:32 Ziggurat
29:34 Ziggurat
30:27 Spirit Tower
30:37 Spirit Tower
30:51 Ziggurat
30:54 Ziggurat
31:53 Spirit Tower
31:55 Spirit Tower
» items
| Rod of Necromancy | 1 | |
| Potion of Healing | 1 | |
| Periapt of Vitality | 2 | |
| Circlet of Nobility | 2 | |
| Scroll of Town Portal | 1 | |
7 total
volcoM) (
pink | 56 APM | 3813 actions | 68:36)
8 Priestess of the Moon
3 Searing Arrows
3 Trueshot Aura
1 Starfall
1 Scout
5 Keeper of the Grove
3 Entangling Roots
2 Thorns Aura
» actions
| Assign group hotkey | 56 | |
| Build / train | 126 | |
| ESC pressed | 1 | |
| Enter build submenu | 38 | |
| Enter hero's abilities submenu | 13 | |
| Give item / drop item | 5 | |
| Remove unit from queue | 7 | |
| Right click | 1841 | |
| Select / deselect | 704 | |
| Select group hotkey | 925 | |
| Use ability | 95 | |
3813 total
» units
| Wisp | 31 | |
| Archer | 8 | |
| Hippogryph | 22 | |
| Chimaera | 21 | |
| Goblin Zeppelin | 1 | |
83 total
» upgrades
| Hippogryph Taming | 1 | |
| Druid of the Talon Training | 1 | |
| Corrosive Breath | 1 | |
| Strength of the Wild | 3 | |
| Reinforced Hides | 3 | |
| Strength of the Moon | 3 | |
| Moon Armor | 3 | |
| Well Spring | 1 | |
| Ultravision | 1 | |
17 total
» buildings
| Altar of Elders | 1 | |
| Moon Well | 7 | |
| Ancient of War | 2 | |
| Tree of Ages | 3 | |
| Ancient of Wind | 2 | |
| Hunter's Hall | 1 | |
| Ancient of Wonders | 1 | |
| Ancient Protector | 11 | |
| Tree of Eternity | 1 | |
| Chimaera Roost | 2 | |
| Tree of Life | 4 | |
| Orc Burrow | 5 | |
40 total
» build order
00:06 Altar of Elders
00:19 Moon Well
00:48 Ancient of War
01:57 Moon Well
02:34 Tree of Ages
02:35 Tree of Ages
02:51 Moon Well
03:54 Ancient of War
04:00 Moon Well
04:28 Moon Well
05:16 Ancient of Wind
05:28 Moon Well
05:33 Ancient of Wind
06:11 Hunter's Hall
06:25 Ancient of Wonders
07:19 Ancient Protector
08:13 Tree of Eternity
11:09 Chimaera Roost
11:11 Chimaera Roost
11:27 Tree of Life
12:39 Ancient Protector
12:40 Ancient Protector
14:15 Tree of Life
15:46 Ancient Protector
16:33 Ancient Protector
17:38 Ancient Protector
20:47 Ancient Protector
29:25 Tree of Life
29:27 Moon Well
30:46 Ancient Protector
30:49 Ancient Protector
30:50 Ancient Protector
30:52 Ancient Protector
42:53 Tree of Life
67:07 Orc Burrow
67:12 Orc Burrow
67:48 Orc Burrow
67:58 Orc Burrow
68:15 Orc Burrow
» items
| Staff of Preservation | 1 | |
| Orb of Venom | 1 | |
| Healing Salve | 1 | |
| Scroll of Town Portal | 1 | |
4 total
team 2 (winner)
Mata. (
orange | 122 APM | 8377 actions | 68:39)
6 Paladin
3 Holy Light
2 Divine Shield
1 Resurrection
9 Mountain King
3 Storm Bolt
3 Bash
1 Avatar
2 Thunder Clap
» actions
| Assign group hotkey | 527 | |
| Basic commands | 309 | |
| Build / train | 413 | |
| Enter build submenu | 187 | |
| Enter hero's abilities submenu | 18 | |
| Give item / drop item | 14 | |
| Remove unit from queue | 10 | |
| Right click | 3213 | |
| Select / deselect | 2083 | |
| Select group hotkey | 828 | |
| Use ability | 764 | |
8377 total
» units
| Peasant | 54 | |
| Footman | 7 | |
| Goblin Shredder | 3 | |
| Goblin Zeppelin | 6 | |
| Priest | 1 | |
| Flying Machine | 10 | |
| Dragonhawk Rider | 9 | |
| Gryphon Rider | 10 | |
| Blue Dragon | 4 | |
104 total
» upgrades
| Masonry | 3 | |
| Lumber Harvesting | 2 | |
| Swords | 3 | |
| Plating | 3 | |
| Animal War Training | 1 | |
| Gunpowder | 3 | |
| Armor | 3 | |
| Magic Sentry | 1 | |
| Priest Training | 2 | |
| Sorceress Training | 2 | |
| Flak Cannons | 1 | |
| Flying Machine Bombs | 1 | |
| Barrage | 1 | |
| Cloud | 1 | |
| Storm Hammers | 1 | |
28 total
» buildings
| Altar of Kings | 2 | |
| Farm | 13 | |
| Barracks | 3 | |
| Arcane Vault | 4 | |
| Town Hall | 10 | |
| Scout Tower | 232 | |
| Arcane Tower | 18 | |
| Keep | 6 | |
| Lumber Mill | 2 | |
| Castle | 5 | |
| Blacksmith | 4 | |
| Guard Tower | 152 | |
| Arcane Sanctum | 2 | |
| Workshop | 2 | |
| Cannon Tower | 7 | |
| Gryphon Aviary | 5 | |
467 total
» build order
00:07 Altar of Kings
00:20 Farm
00:50 Barracks
00:56 Farm
01:56 Farm
02:00 Arcane Vault
03:02 Town Hall
03:05 Scout Tower
03:10 Scout Tower
03:43 Arcane Tower
03:43 Arcane Tower
04:16 Farm
05:02 Keep
05:02 Keep
05:02 Keep
05:33 Scout Tower
05:35 Scout Tower
05:35 Scout Tower
05:37 Scout Tower
05:37 Scout Tower
07:27 Lumber Mill
07:28 Arcane Tower
07:28 Arcane Tower
08:23 Castle
09:06 Town Hall
09:44 Blacksmith
09:45 Blacksmith
10:25 Town Hall
11:23 Town Hall
11:26 Town Hall
12:33 Town Hall
13:46 Scout Tower
13:47 Scout Tower
13:47 Scout Tower
13:48 Scout Tower
13:48 Scout Tower
14:16 Barracks
14:17 Barracks
14:51 Guard Tower
14:51 Guard Tower
16:29 Scout Tower
16:29 Scout Tower
16:30 Scout Tower
16:30 Scout Tower
16:30 Scout Tower
16:36 Scout Tower
16:37 Scout Tower
16:37 Scout Tower
16:37 Scout Tower
16:37 Scout Tower
16:38 Scout Tower
16:38 Scout Tower
16:38 Scout Tower
16:49 Arcane Vault
16:59 Scout Tower
16:59 Scout Tower
16:59 Scout Tower
16:59 Scout Tower
17:07 Guard Tower
17:07 Guard Tower
17:11 Scout Tower
17:12 Scout Tower
17:12 Scout Tower
17:12 Scout Tower
17:21 Guard Tower
17:27 Scout Tower
17:28 Guard Tower
17:28 Guard Tower
17:31 Guard Tower
17:32 Guard Tower
17:32 Scout Tower
17:33 Scout Tower
17:34 Scout Tower
17:34 Scout Tower
17:36 Scout Tower
17:37 Scout Tower
17:37 Scout Tower
17:38 Scout Tower
17:39 Scout Tower
17:40 Scout Tower
18:02 Guard Tower
18:02 Guard Tower
18:27 Guard Tower
18:27 Guard Tower
18:28 Guard Tower
18:36 Guard Tower
18:37 Guard Tower
18:51 Guard Tower
18:51 Guard Tower
18:55 Guard Tower
18:55 Guard Tower
19:07 Guard Tower
19:07 Guard Tower
19:12 Guard Tower
19:12 Guard Tower
19:33 Guard Tower
19:33 Guard Tower
20:01 Scout Tower
20:02 Scout Tower
20:02 Scout Tower
20:03 Scout Tower
20:03 Scout Tower
20:04 Scout Tower
20:05 Scout Tower
21:01 Scout Tower
21:01 Scout Tower
21:02 Scout Tower
21:02 Scout Tower
21:03 Scout Tower
21:03 Scout Tower
21:03 Scout Tower
21:11 Guard Tower
21:11 Guard Tower
21:38 Guard Tower
21:38 Guard Tower
21:43 Scout Tower
21:45 Scout Tower
21:46 Scout Tower
21:48 Scout Tower
21:49 Scout Tower
21:51 Scout Tower
21:52 Scout Tower
21:55 Guard Tower
21:55 Guard Tower
21:58 Guard Tower
22:08 Guard Tower
22:22 Guard Tower
22:22 Guard Tower
22:33 Arcane Sanctum
22:35 Arcane Sanctum
22:37 Scout Tower
22:38 Scout Tower
22:38 Scout Tower
22:39 Scout Tower
22:40 Scout Tower
22:40 Scout Tower
22:40 Scout Tower
22:43 Scout Tower
22:43 Scout Tower
22:44 Scout Tower
22:51 Guard Tower
22:51 Guard Tower
22:52 Guard Tower
23:45 Arcane Tower
23:45 Arcane Tower
23:46 Arcane Tower
23:48 Guard Tower
25:06 Scout Tower
25:07 Scout Tower
25:10 Scout Tower
25:12 Scout Tower
25:17 Scout Tower
25:18 Scout Tower
25:21 Scout Tower
25:31 Arcane Tower
25:31 Arcane Tower
25:52 Workshop
26:19 Guard Tower
26:20 Guard Tower
26:20 Guard Tower
26:20 Guard Tower
26:27 Scout Tower
26:28 Scout Tower
26:36 Scout Tower
26:37 Scout Tower
26:37 Scout Tower
27:15 Guard Tower
27:48 Scout Tower
27:49 Scout Tower
27:49 Scout Tower
27:50 Scout Tower
28:36 Cannon Tower
28:36 Cannon Tower
28:36 Cannon Tower
28:45 Keep
28:46 Keep
29:22 Workshop
29:27 Scout Tower
29:28 Scout Tower
29:29 Scout Tower
29:29 Scout Tower
29:29 Scout Tower
29:48 Cannon Tower
29:53 Arcane Tower
29:53 Arcane Tower
30:23 Scout Tower
30:24 Scout Tower
30:28 Scout Tower
30:29 Scout Tower
30:29 Scout Tower
30:57 Cannon Tower
31:02 Scout Tower
31:03 Scout Tower
31:04 Scout Tower
31:07 Scout Tower
31:08 Scout Tower
32:27 Blacksmith
32:29 Lumber Mill
33:43 Guard Tower
33:43 Guard Tower
34:11 Scout Tower
34:12 Scout Tower
34:12 Scout Tower
34:12 Scout Tower
34:13 Scout Tower
34:13 Scout Tower
34:13 Scout Tower
34:14 Scout Tower
34:14 Scout Tower
34:14 Scout Tower
34:15 Scout Tower
34:15 Scout Tower
34:16 Scout Tower
34:16 Scout Tower
34:17 Scout Tower
34:17 Scout Tower
34:32 Scout Tower
34:33 Scout Tower
34:35 Gryphon Aviary
34:55 Guard Tower
34:55 Guard Tower
34:58 Town Hall
35:03 Scout Tower
35:03 Scout Tower
35:04 Scout Tower
35:04 Scout Tower
35:04 Scout Tower
35:05 Scout Tower
35:05 Scout Tower
35:05 Scout Tower
35:06 Scout Tower
35:06 Scout Tower
35:06 Scout Tower
35:07 Scout Tower
35:08 Scout Tower
35:23 Guard Tower
35:24 Guard Tower
35:32 Scout Tower
35:34 Scout Tower
35:37 Guard Tower
35:37 Guard Tower
35:41 Guard Tower
35:42 Guard Tower
35:42 Guard Tower
35:46 Guard Tower
35:46 Guard Tower
35:46 Guard Tower
35:57 Guard Tower
36:01 Guard Tower
36:01 Guard Tower
36:13 Guard Tower
36:13 Guard Tower
36:15 Farm
36:15 Farm
36:16 Farm
36:16 Farm
36:17 Farm
36:27 Guard Tower
36:28 Guard Tower
36:32 Arcane Vault
37:25 Blacksmith
37:35 Guard Tower
37:48 Town Hall
37:56 Altar of Kings
38:16 Scout Tower
38:16 Scout Tower
38:17 Scout Tower
38:17 Scout Tower
39:06 Scout Tower
39:28 Guard Tower
39:29 Guard Tower
39:31 Scout Tower
39:32 Scout Tower
39:39 Scout Tower
39:40 Scout Tower
39:41 Scout Tower
39:43 Scout Tower
39:44 Scout Tower
39:44 Scout Tower
39:50 Guard Tower
39:50 Guard Tower
39:51 Scout Tower
39:52 Scout Tower
39:52 Scout Tower
39:53 Scout Tower
39:53 Scout Tower
40:02 Farm
40:03 Farm
40:06 Guard Tower
40:06 Guard Tower
40:07 Guard Tower
40:13 Guard Tower
40:15 Guard Tower
40:15 Guard Tower
40:22 Guard Tower
40:22 Guard Tower
40:29 Castle
40:43 Guard Tower
40:43 Guard Tower
41:29 Scout Tower
41:30 Scout Tower
41:39 Guard Tower
41:58 Guard Tower
42:00 Guard Tower
42:14 Scout Tower
42:14 Scout Tower
42:14 Scout Tower
42:15 Scout Tower
42:48 Guard Tower
42:48 Guard Tower
43:09 Guard Tower
43:09 Guard Tower
45:49 Town Hall
46:02 Arcane Vault
46:03 Scout Tower
46:03 Scout Tower
46:04 Scout Tower
46:05 Scout Tower
46:05 Scout Tower
47:11 Arcane Tower
47:11 Arcane Tower
47:56 Arcane Tower
48:07 Farm
48:08 Farm
51:13 Guard Tower
51:13 Guard Tower
51:22 Gryphon Aviary
51:23 Gryphon Aviary
51:39 Scout Tower
51:39 Scout Tower
52:13 Scout Tower
52:20 Guard Tower
52:21 Scout Tower
52:50 Gryphon Aviary
52:53 Gryphon Aviary
52:58 Guard Tower
56:17 Scout Tower
56:18 Scout Tower
56:19 Scout Tower
57:06 Guard Tower
57:07 Scout Tower
57:08 Scout Tower
57:09 Scout Tower
57:09 Scout Tower
57:12 Scout Tower
57:13 Scout Tower
57:13 Scout Tower
57:15 Scout Tower
57:16 Scout Tower
57:19 Guard Tower
57:20 Scout Tower
57:21 Scout Tower
57:21 Scout Tower
57:24 Scout Tower
57:25 Scout Tower
57:43 Guard Tower
57:44 Guard Tower
58:02 Guard Tower
58:02 Guard Tower
58:02 Guard Tower
58:04 Scout Tower
58:04 Scout Tower
58:19 Guard Tower
58:19 Guard Tower
58:20 Guard Tower
58:21 Scout Tower
58:22 Scout Tower
61:40 Guard Tower
62:29 Town Hall
62:29 Scout Tower
62:29 Scout Tower
63:03 Guard Tower
63:05 Scout Tower
63:05 Scout Tower
63:06 Scout Tower
63:06 Scout Tower
63:06 Scout Tower
63:06 Scout Tower
63:07 Scout Tower
63:07 Scout Tower
63:07 Scout Tower
63:08 Scout Tower
63:08 Scout Tower
63:08 Scout Tower
63:09 Scout Tower
63:09 Scout Tower
63:09 Scout Tower
63:09 Scout Tower
63:10 Scout Tower
63:10 Scout Tower
64:51 Guard Tower
64:52 Guard Tower
66:28 Guard Tower
66:29 Guard Tower
66:30 Guard Tower
» items
| Scroll of Regeneration | 12 | |
| Boots of Speed | 2 | |
| Staff of Teleportation | 2 | |
| Potion of Healing | 8 | |
| Healing Salve | 2 | |
| Orb of Lightning | 1 | |
| Scroll of Town Portal | 8 | |
| Potion of Mana | 2 | |
| Orb of Fire | 1 | |
| Lesser Clarity Potion | 1 | |
39 total
NOMORELEFT (
red | 49 APM | 3373 actions | 68:37)
6 Blademaster
3 Wind Walk
2 Critical Strike
1 Bladestorm
1 Pandaren Brewmaster
1 Breath of Fire
1 Mountain King
1 Thunder Clap
» actions
| Assign group hotkey | 19 | |
| Basic commands | 1 | |
| Build / train | 75 | |
| Enter build submenu | 63 | |
| Enter hero's abilities submenu | 8 | |
| Give item / drop item | 3 | |
| Right click | 1950 | |
| Select / deselect | 910 | |
| Select group hotkey | 110 | |
| Use ability | 234 | |
3373 total
» units
| Peon | 18 | |
| Troll Batrider | 28 | |
| Goblin Zeppelin | 1 | |
| Wind Rider | 2 | |
49 total
» upgrades
| Liquid Fire | 1 | |
| Reinforced Defenses | 1 | |
| Envenomed Spears | 1 | |
3 total
» buildings
| Altar of Storms | 2 | |
| Orc Burrow | 9 | |
| War Mill | 1 | |
| Watch Tower | 45 | |
| Stronghold | 2 | |
| Voodoo Lounge | 1 | |
| Beastiary | 3 | |
| Fortress | 2 | |
| Great Hall | 1 | |
66 total
» build order
00:16 Altar of Storms
00:18 Orc Burrow
00:49 War Mill
02:16 Watch Tower
02:20 Watch Tower
02:59 Watch Tower
03:02 Watch Tower
03:19 Watch Tower
03:26 Orc Burrow
04:25 Watch Tower
04:28 Watch Tower
04:32 Watch Tower
04:41 Stronghold
05:40 Watch Tower
05:41 Watch Tower
05:43 Watch Tower
06:48 Voodoo Lounge
06:55 Watch Tower
06:58 Watch Tower
07:25 Beastiary
07:26 Beastiary
07:45 Fortress
07:45 Fortress
07:49 Orc Burrow
08:10 Watch Tower
08:37 Watch Tower
09:24 Watch Tower
09:49 Watch Tower
10:58 Watch Tower
11:32 Watch Tower
11:37 Watch Tower
11:48 Orc Burrow
12:08 Watch Tower
12:22 Watch Tower
13:15 Watch Tower
15:05 Watch Tower
15:10 Watch Tower
15:12 Watch Tower
15:35 Watch Tower
18:32 Great Hall
18:40 Watch Tower
18:40 Watch Tower
20:00 Watch Tower
20:04 Watch Tower
21:40 Watch Tower
21:45 Watch Tower
22:52 Watch Tower
22:53 Watch Tower
24:37 Watch Tower
24:40 Watch Tower
26:02 Beastiary
26:24 Watch Tower
26:27 Watch Tower
27:45 Watch Tower
28:32 Watch Tower
28:40 Watch Tower
28:42 Watch Tower
28:44 Watch Tower
28:50 Watch Tower
30:27 Orc Burrow
34:25 Orc Burrow
34:28 Altar of Storms
37:35 Orc Burrow
37:37 Orc Burrow
37:38 Orc Burrow
» items
| Staff of Teleportation | 1 | |
| Boots of Speed | 1 | |
| Lesser Clarity Potion | 2 | |
| Orb of Lightning | 1 | |
| Healing Salve | 1 | |
| Potion of Lesser Invulnerability | 1 | |
7 total
scoup (
yellow | 36 APM | 2473 actions | 68:37)
3 Archmage
2 Blizzard
1 Brilliance Aura
3 Mountain King
2 Storm Bolt
1 Bash
» actions
| Assign group hotkey | 20 | |
| Basic commands | 13 | |
| Build / train | 95 | |
| ESC pressed | 10 | |
| Enter build submenu | 84 | |
| Enter hero's abilities submenu | 6 | |
| Give item / drop item | 1 | |
| Right click | 974 | |
| Select / deselect | 535 | |
| Select group hotkey | 352 | |
| Use ability | 383 | |
2473 total
» units
| Peasant | 27 | |
| Dragonhawk Rider | 5 | |
32 total
» upgrades
| Masonry | 3 | |
| Lumber Harvesting | 2 | |
| Cloud | 1 | |
| Gunpowder | 1 | |
| Magic Sentry | 1 | |
| Sorceress Training | 1 | |
9 total
» buildings
| Altar of Kings | 3 | |
| Farm | 19 | |
| Lumber Mill | 3 | |
| Scout Tower | 204 | |
| Guard Tower | 37 | |
| Keep | 1 | |
| Arcane Tower | 2 | |
| Arcane Vault | 1 | |
| Castle | 1 | |
| Gryphon Aviary | 2 | |
| Town Hall | 2 | |
| Arcane Sanctum | 1 | |
| Blacksmith | 1 | |
277 total
» build order
00:04 Altar of Kings
00:05 Farm
01:14 Lumber Mill
02:00 Farm
02:23 Scout Tower
02:24 Scout Tower
02:25 Scout Tower
02:26 Scout Tower
02:41 Scout Tower
03:18 Scout Tower
03:19 Guard Tower
03:37 Scout Tower
03:38 Scout Tower
03:39 Scout Tower
04:05 Guard Tower
04:07 Scout Tower
04:11 Scout Tower
04:11 Scout Tower
04:14 Scout Tower
04:15 Scout Tower
04:16 Scout Tower
04:22 Scout Tower
04:23 Scout Tower
04:25 Guard Tower
04:36 Scout Tower
04:37 Scout Tower
04:38 Scout Tower
05:14 Scout Tower
05:15 Scout Tower
05:17 Scout Tower
05:18 Scout Tower
05:54 Guard Tower
05:57 Scout Tower
05:58 Scout Tower
06:02 Scout Tower
06:03 Scout Tower
06:04 Scout Tower
06:05 Scout Tower
06:07 Guard Tower
06:29 Keep
06:33 Farm
06:35 Farm
06:41 Scout Tower
06:43 Scout Tower
06:45 Scout Tower
06:48 Scout Tower
06:50 Scout Tower
06:56 Arcane Tower
06:59 Arcane Tower
07:01 Guard Tower
07:34 Scout Tower
07:38 Scout Tower
07:38 Scout Tower
07:39 Scout Tower
07:41 Guard Tower
07:43 Guard Tower
07:50 Scout Tower
07:50 Scout Tower
08:23 Arcane Vault
08:26 Guard Tower
08:29 Scout Tower
08:45 Guard Tower
09:10 Scout Tower
09:14 Scout Tower
09:16 Scout Tower
09:19 Scout Tower
09:20 Scout Tower
09:21 Scout Tower
09:26 Scout Tower
09:27 Scout Tower
09:28 Scout Tower
09:47 Scout Tower
09:47 Scout Tower
09:48 Scout Tower
09:50 Scout Tower
09:52 Scout Tower
10:13 Guard Tower
10:45 Scout Tower
10:46 Scout Tower
10:47 Scout Tower
10:48 Scout Tower
10:49 Scout Tower
10:50 Scout Tower
10:52 Scout Tower
11:09 Castle
11:39 Farm
11:42 Farm
11:56 Guard Tower
12:32 Lumber Mill
13:02 Guard Tower
13:19 Guard Tower
13:28 Scout Tower
13:29 Scout Tower
13:30 Scout Tower
13:32 Scout Tower
13:33 Scout Tower
13:34 Scout Tower
14:03 Guard Tower
14:23 Guard Tower
14:55 Scout Tower
14:57 Guard Tower
15:00 Scout Tower
15:02 Scout Tower
15:02 Scout Tower
15:04 Scout Tower
15:08 Scout Tower
16:50 Guard Tower
16:52 Guard Tower
17:19 Scout Tower
17:19 Scout Tower
17:21 Scout Tower
17:23 Scout Tower
17:46 Gryphon Aviary
17:51 Gryphon Aviary
17:53 Scout Tower
17:55 Guard Tower
18:49 Guard Tower
19:04 Scout Tower
19:05 Scout Tower
19:06 Scout Tower
19:06 Scout Tower
19:23 Scout Tower
19:25 Scout Tower
19:59 Scout Tower
20:00 Scout Tower
20:02 Scout Tower
20:04 Scout Tower
20:32 Guard Tower
20:46 Guard Tower
21:47 Farm
21:49 Farm
21:51 Farm
21:52 Farm
22:22 Scout Tower
22:25 Scout Tower
22:26 Scout Tower
22:29 Scout Tower
22:30 Scout Tower
22:35 Scout Tower
22:38 Scout Tower
22:41 Scout Tower
22:44 Scout Tower
22:44 Scout Tower
22:45 Scout Tower
22:58 Scout Tower
23:01 Scout Tower
23:02 Scout Tower
23:06 Scout Tower
23:10 Guard Tower
24:41 Town Hall
24:55 Scout Tower
24:56 Scout Tower
24:58 Scout Tower
24:59 Scout Tower
25:01 Scout Tower
25:02 Scout Tower
25:03 Scout Tower
25:05 Scout Tower
25:10 Scout Tower
25:11 Scout Tower
25:15 Scout Tower
25:17 Scout Tower
25:22 Scout Tower
25:24 Scout Tower
25:50 Arcane Sanctum
25:56 Blacksmith
26:30 Guard Tower
26:40 Guard Tower
28:02 Guard Tower
28:06 Scout Tower
28:06 Scout Tower
28:08 Scout Tower
28:09 Scout Tower
29:23 Scout Tower
29:24 Scout Tower
29:26 Scout Tower
29:28 Scout Tower
29:29 Scout Tower
29:35 Scout Tower
29:38 Scout Tower
29:39 Scout Tower
29:42 Scout Tower
29:44 Scout Tower
30:17 Scout Tower
30:17 Scout Tower
30:19 Scout Tower
30:21 Scout Tower
30:21 Scout Tower
30:22 Scout Tower
30:23 Scout Tower
30:26 Guard Tower
30:28 Scout Tower
30:28 Scout Tower
30:30 Guard Tower
30:52 Scout Tower
30:54 Scout Tower
30:54 Scout Tower
30:55 Scout Tower
30:57 Scout Tower
30:58 Scout Tower
31:06 Scout Tower
31:09 Scout Tower
31:10 Scout Tower
31:16 Scout Tower
31:16 Scout Tower
31:18 Scout Tower
31:20 Scout Tower
31:22 Scout Tower
31:24 Scout Tower
31:33 Guard Tower
31:49 Guard Tower
31:54 Scout Tower
31:55 Scout Tower
31:56 Scout Tower
31:57 Scout Tower
32:05 Guard Tower
32:17 Scout Tower
32:18 Scout Tower
32:19 Guard Tower
32:22 Scout Tower
32:23 Scout Tower
32:25 Scout Tower
32:29 Scout Tower
32:30 Scout Tower
32:39 Guard Tower
32:42 Scout Tower
34:00 Scout Tower
34:01 Scout Tower
34:02 Scout Tower
34:07 Scout Tower
34:08 Scout Tower
34:09 Scout Tower
34:12 Scout Tower
34:13 Scout Tower
34:14 Scout Tower
34:15 Scout Tower
34:19 Scout Tower
34:40 Guard Tower
34:51 Scout Tower
34:53 Scout Tower
34:55 Scout Tower
34:59 Scout Tower
35:00 Scout Tower
35:02 Scout Tower
35:06 Scout Tower
35:08 Scout Tower
35:12 Scout Tower
35:13 Scout Tower
35:14 Scout Tower
35:15 Scout Tower
35:16 Scout Tower
35:18 Guard Tower
35:32 Farm
35:36 Farm
35:37 Farm
35:38 Farm
35:41 Altar of Kings
35:47 Scout Tower
35:50 Scout Tower
35:55 Scout Tower
35:55 Scout Tower
35:56 Scout Tower
35:57 Scout Tower
35:59 Guard Tower
36:28 Scout Tower
36:28 Scout Tower
36:30 Scout Tower
36:31 Scout Tower
36:45 Farm
44:33 Farm
46:56 Farm
47:02 Farm
51:48 Town Hall
52:40 Lumber Mill
54:58 Altar of Kings
» items
| Staff of Teleportation | 2 | |
| Periapt of Vitality | 1 | |
3 total
Tecnolife (
teal | 46 APM | 3125 actions | 68:37)
8 Warden
3 Shadow Strike
3 Blink
1 Spirit of Vengeance
1 Fan of Knives
» actions
| Basic commands | 30 | |
| Build / train | 72 | |
| Enter build submenu | 53 | |
| Enter hero's abilities submenu | 7 | |
| Give item / drop item | 4 | |
| Remove unit from queue | 4 | |
| Right click | 1990 | |
| Select / deselect | 772 | |
| Use ability | 190 | |
3125 total
» units
» upgrades
| Strength of the Wild | 3 | |
| Reinforced Hides | 3 | |
| Ultravision | 1 | |
| Well Spring | 1 | |
| Nature's Blessing | 1 | |
| Corrosive Breath | 1 | |
10 total
» buildings
| Moon Well | 32 | |
| Altar of Elders | 4 | |
| Tree of Ages | 2 | |
| Tree of Life | 4 | |
| Hunter's Hall | 1 | |
| Tree of Eternity | 2 | |
| Ancient of Wind | 2 | |
| Chimaera Roost | 4 | |
51 total
» build order
00:04 Moon Well
00:07 Altar of Elders
01:47 Moon Well
05:56 Tree of Ages
06:30 Tree of Life
06:32 Tree of Life
06:39 Hunter's Hall
07:38 Moon Well
07:39 Moon Well
08:20 Tree of Eternity
08:24 Ancient of Wind
11:14 Moon Well
11:17 Moon Well
13:41 Chimaera Roost
14:10 Moon Well
14:12 Moon Well
17:31 Moon Well
18:33 Chimaera Roost
29:07 Moon Well
29:14 Moon Well
30:41 Moon Well
35:53 Altar of Elders
40:39 Tree of Life
40:48 Tree of Life
43:21 Moon Well
43:23 Moon Well
43:25 Moon Well
43:29 Altar of Elders
43:36 Moon Well
43:38 Moon Well
43:40 Tree of Ages
46:45 Tree of Eternity
46:54 Ancient of Wind
49:46 Chimaera Roost
49:52 Chimaera Roost
54:44 Moon Well
54:46 Moon Well
54:46 Moon Well
54:47 Moon Well
54:49 Moon Well
54:49 Moon Well
58:21 Moon Well
58:23 Moon Well
58:26 Moon Well
58:29 Moon Well
60:05 Altar of Elders
60:37 Moon Well
60:40 Moon Well
61:29 Moon Well
61:34 Moon Well
62:37 Moon Well
» items
| Staff of Teleportation | 1 | |
| Boots of Speed | 1 | |
| Scroll of Town Portal | 1 | |
| Healing Salve | 1 | |
| Orb of Lightning | 1 | |
5 total
Chat log
(00:32 / Allies) Mata.: this is a pretty chill map
(01:58 / Allies) Tecnolife: forgot to make hero
(02:00 / Allies) Tecnolife: im goddamn pro
(02:03 / Allies) Mata.: so far so good
(02:04 / Allies) scoup: gj
(02:33 / Allies) scoup: pro
(02:35 / Allies) scoup: right hurr
(03:31 / Allies) Mata.: oh you're towering our side +
(03:37 / Allies) Mata.: will help when exop goes up
(03:54 / Allies) scoup: scrubbin it up
(04:05 / Allies) Mata.: heh
(04:22 / Allies) Mata.: likin these guys already
(04:41 / All) Tecnolife: bro
(04:44 / All) Tecnolife: thats not your base
(04:47 / All) Tecnolife: AoWs go in your base
(04:48 / All) Tecnolife: notmine
(04:55 / All) Tecnolife: do you unnersatnd???
(05:06 / All) volcoM): ...
(05:11 / All) Tecnolife: let me
(05:12 / All) Tecnolife: esplain
(05:14 / All) Tecnolife: ok
(05:18 / All) creativE): Esplain?
(05:18 / All) Tecnolife: if u make it in my base???
(05:19 / All) volcoM): pls
(05:23 / All) Tecnolife: its hard 4 u to use
(05:25 / All) Tecnolife: cuz like
(05:27 / All) Tecnolife: its in............ my base
(05:59 / Allies) Mata.: AGGRONOR the mighty
(06:09 / Allies) Tecnolife: i wish you'd aggro my nor
(06:10 / Allies) Tecnolife: irl
(06:12 / Allies) Mata.: zepp is available in like 4 minutes
(06:15 / Allies) Mata.: gonna buy it and creep islands
(06:22 / All) DiMo.X.x.X.: red fuck off
(07:08 / Allies) Mata.: mantle fi anyone wants a shit item
(07:17 / Allies) Tecnolife: racist against mantle people
(07:26 / Allies) Tecnolife: reportin u to the bm club
(07:46 / All) Tecnolife: HE TOLD U TO FUC KOFF
(07:47 / All) Tecnolife: AND IU JUST
(07:49 / All) Tecnolife: WOULDNT LISTEN
(07:52 / All) Tecnolife: MY TEAM!!!!!!!!!!
(08:02 / Allies) NOMORELEFT: tower up bases a bit just incase they zep
(08:32 / All) Mata.: lol !
(09:56 / Allies) Mata.: jack him if he's creeping mid
(10:22 / Allies) Mata.: wish you could load milits into zeps
(11:33 / All) vivostiano: wtf
(11:40 / All) DiMo.X.x.X.: LOL
(12:13 / Allies) Mata.: yeah i know
(12:14 / Allies) Tecnolife: what happen to your peon!!
(12:14 / Allies) Mata.: is coming
(12:19 / Allies) Mata.: moved here
(12:21 / Allies) Mata.: higher priority
(12:23 / Allies) Tecnolife: hes sleepin
(13:38 / Allies) Mata.: brt.
(14:00 / Allies) Mata.: more wells here
(14:02 / Allies) Mata.: by the walls
(14:17 / Allies) Mata.: bats scared me
(15:04 / Allies) Tecnolife: thx for exp dad
(15:16 / Allies) Tecnolife: chips
(15:18 / Allies) Tecnolife: chims
(15:22 / Allies) Tecnolife: lol
(15:28 / Allies) Mata.: gay
(15:31 / Allies) Mata.: need an orb for that
(16:05 / Allies) Mata.: here we go
(16:07 / Allies) Mata.: help me out please
(16:15 / Allies) Mata.: nice
(16:43 / Allies) Mata.: has many hp
(17:36 / Allies) NOMORELEFT: gold plz
(17:46 / Allies) Mata.: i have a lil
(17:47 / Allies) NOMORELEFT: ty
(17:52 / Allies) Tecnolife: you have
(17:54 / Allies) Tecnolife: 6k??????????
(18:04 / Allies) Mata.: tp
(18:08 / Allies) Mata.: gayyy
(18:19 / Allies) scoup: dis nigga needs help
(18:33 / Allies) scoup: real badsoon
(18:39 / Allies) Mata.: hero is gonna res a while
(18:42 / Allies) Mata.: if thats ok.
(20:09 / Allies) Mata.: this is gay he is killing my islands. what should i get
(20:24 / Allies) scoup: south is going down faster than tecnolifes mom
(20:29 / Allies) Mata.: fine brt
(20:52 / Allies) Mata.: big dps
(22:45 / All) DiMo.X.x.X.: UR FUCKING SHITTIN ME
(22:53 / All) Tecnolife: i didndt mean it
(22:55 / All) Tecnolife: im sry dad
(23:28 / Allies) Mata.: lol
(24:05 / Allies) Tecnolife: we never
(24:06 / Allies) Tecnolife: crept this
(24:11 / Allies) Mata.: i need some exp on paladin
(24:30 / Allies) Tecnolife: i got claws for your bm
(24:31 / Allies) Tecnolife: +9
(25:36 / Allies) Mata.: got an observatory here
(25:39 / Allies) Mata.: use reveals if you need
(25:53 / Allies) Mata.: hotkey that shit
(25:53 / Allies) NOMORELEFT: anyone want khadgar?
(25:59 / Allies) Mata.: yeah i want caddy pipe
(26:06 / Allies) Mata.: anyone want experience ?
(26:10 / Allies) NOMORELEFT: near obs
(26:15 / Allies) scoup: i need exp
(26:17 / Allies) NOMORELEFT: i need exo
(26:47 / Allies) Mata.: use my paal
(27:04 / Allies) Mata.: 6
(28:47 / Allies) Mata.: top might be gon
(28:59 / Allies) Tecnolife: where will i live
(29:04 / Allies) Mata.: bottom i would guess
(31:12 / Allies) Mata.: personally, this simy new base
(31:17 / Allies) Tecnolife: n1
(31:18 / Allies) Tecnolife: i like it
(31:30 / Allies) Mata.: ty
(31:32 / Allies) Mata.: making entrance over here
(32:00 / Allies) scoup: motherfucking great wall
(33:09 / Allies) scoup: great wall is dead oh god
(33:15 / Allies) Mata.: :V
(33:26 / Allies) scoup: what happened help
(33:37 / Allies) Mata.: you need more towers
(33:41 / Allies) scoup: oh
(34:13 / All) DiMo.X.x.X.: u are my worst nighmare
(34:36 / Allies) Tecnolife: dont worry mata your shredder got out
(34:38 / Allies) Tecnolife: he's gonna be ok
(34:49 / Allies) Mata.: this si gonna be my AIRBASE
(34:58 / Allies) Tecnolife: for air people?
(35:12 / Allies) Mata.: it is where i will train bird men
(36:06 / Allies) Mata.: i will be at the alamo
(36:22 / Allies) Mata.: if this falls i guess we defend islands
(36:33 / Allies) scoup: when
(36:35 / Allies) scoup: not really if
(37:15 / Allies) Mata.: holy crapoly
(38:40 / Allies) scoup: need zep
(38:44 / Allies) Mata.: for what
(38:54 / Allies) scoup: my level 3 mk thats going to turn this shit around
(39:01 / Allies) Mata.: i have a zep in the area
(40:26 / Allies) Mata.: ready with shackler ?
(40:34 / Allies) Mata.: nede to finish teching that castle pmuch
(40:58 / Allies) Mata.: how much gold is left
(40:59 / Allies) Mata.: in each mine
(41:11 / Allies) NOMORELEFT: 2.8 k
(41:22 / Allies) Mata.: uhhh.. try to get to my airbase i guess ??? i think you're daed
(41:26 / Allies) Mata.: there are no hawks there
(41:44 / Allies) Tecnolife: it's ok
(41:47 / Allies) Tecnolife: i sacrificed his bats
(41:49 / Allies) Tecnolife: for my chims
(42:25 / Allies) NOMORELEFT: 10 k bottom mine
(42:33 / Allies) Mata.: damn!
(42:44 / Allies) Mata.: guessing we cant take ?
(43:00 / Allies) Mata.: 10k is too mucho
(43:07 / Allies) Mata.: is almost as much as mine
(43:13 / Allies) Tecnolife: i have 10k tho
(43:16 / Allies) Mata.: yeah i got 17
(43:51 / Allies) Tecnolife: i 4 1 am gonna bring it back
(44:12 / Allies) Mata.: if anyone needs some place to tech
(44:18 / Allies) Mata.: im about to place hall
(45:05 / Allies) Mata.: excellent
(45:34 / Allies) Tecnolife: welp there went 4k
(45:35 / Allies) Tecnolife: lmao
(45:44 / Allies) NOMORELEFT: whirlwind finallyu
(46:29 / Allies) Mata.: awnt to staff ?
(46:35 / Allies) Mata.: nah
(46:55 / All) Mata.: so you guys pretty hopeful about this game ?
(46:59 / Allies) Tecnolife: ya
(47:03 / All) DiMo.X.x.X.: u bet
(47:15 / All) scoup: i'm moist in anticipation dunno bout u~
(47:25 / All) scoup: sopping
(47:26 / Allies) Tecnolife: did we just ge tmored
(47:29 / Allies) Tecnolife: or was that us
(47:38 / Allies) Mata.: `?
(47:43 / Allies) Tecnolife: someone
(47:44 / Allies) Tecnolife: just flard
(47:48 / Allies) Mata.: dont think we got
(48:13 / Allies) Mata.: damn
(48:20 / Allies) Mata.: get chims oput
(48:27 / Allies) Mata.: kill some hawk ye
(48:43 / Allies) Mata.: i brt
(49:42 / Allies) Mata.: hh
(49:44 / Allies) Mata.: HEH
(51:07 / Allies) Mata.: can tp up now
(51:41 / Allies) Tecnolife: gold plz
(51:50 / Allies) Mata.: haha cant believe they flared this
(51:57 / Allies) Mata.: guess mk is going there next
(52:13 / Allies) Tecnolife: i will protect u
(52:15 / Allies) Mata.: grat
(52:15 / Allies) Tecnolife: w/ my life
(52:22 / Allies) Mata.: will be down in a min
(52:23 / Allies) NOMORELEFT: fuck
(52:24 / Allies) Tecnolife: but if it looks bad im out!!
(52:31 / Allies) Mata.: no workers ?
(52:33 / Allies) NOMORELEFT: i'm out
(52:34 / All) DiMo.X.x.X.: cmon fucking end this
(52:39 / Allies) Mata.: want me to end it ?
(52:39 / All) Tecnolife: trust me
(52:41 / All) Tecnolife: it's already over
(52:55 / Allies) Mata.: going 100 food
(53:28 / All) scoup: aw
(53:28 / Allies) Tecnolife: fuck dude
(53:32 / Allies) Tecnolife: you led them to my base???
(53:35 / Allies) Tecnolife: I LIVE THERE
(53:37 / Allies) scoup: no
(53:51 / Allies) Mata.: they are flaring like crazy
(53:55 / Allies) scoup: that
(54:02 / Allies) Tecnolife: still not taken
(54:54 / Allies) Tecnolife: i want a pet dragon
(55:01 / Allies) Mata.: use it
(55:02 / Allies) Tecnolife: WTF
(55:03 / Allies) Tecnolife: thx
(55:16 / Allies) Tecnolife: thought you stoled my dragon
(55:16 / Allies) Mata.: lets hit
(55:23 / Allies) Tecnolife: they still have gold incom
(55:24 / Allies) Tecnolife: from this
(55:27 / Allies) Mata.: okkkkk
(55:37 / Allies) Mata.: apparently not
(56:04 / Allies) Mata.: 8
(56:49 / Allies) Mata.: use chimps
(59:22 / Allies) Mata.: haha i had to bail
(59:40 / Allies) Mata.: flipping up a new army
(59:46 / Allies) Tecnolife: gold [;lz
(60:46 / All) DiMo.X.x.X.: u are by far the gayest player ever
(60:51 / All) Tecnolife: are you still confident
(61:03 / All) Mata.: i hope zo
(61:08 / All) Tecnolife: mata doesn't lose games bro
(61:09 / All) Tecnolife: sorry.
(61:36 / Allies) Mata.: guess ill send a Taem
(61:37 / Allies) Mata.: Team
(61:50 / All) DiMo.X.x.X.: GG
(61:53 / All) Mata.: gg
(61:56 / All) creativE): gg
(62:00 / All) Tecnolife: gg
(62:10 / All) vivostiano: FUCK YOUªªª
(62:12 / Allies) Tecnolife: lol
(62:14 / All) Mata.: no zep on this gay island
(62:18 / All) vivostiano: áll of you
(62:22 / All) Mata.: gggo
(62:27 / All) vivostiano: fuckin puzzys
(62:31 / All) Tecnolife: pizzas
(62:33 / All) Tecnolife: i want pizza
(62:35 / All) scoup: oh you don't mean it
(62:43 / All) scoup: we're all buddies
(62:57 / All) vivostiano: i fuck your mom
(63:01 / All) Tecnolife: WTF
(63:01 / All) Tecnolife: NO
(63:03 / All) Tecnolife: NO UI DIDNT
(63:05 / All) Tecnolife: OMG
(63:48 / All) Mata.: LOOL!
(64:34 / Allies) Mata.: gay
(64:37 / Allies) Mata.: shield was cold
(64:39 / All) Tecnolife: How can you win.. if you have no.. gold?
(65:34 / Allies) Mata.: wow how did he kill my main there
(65:42 / Allies) Tecnolife: morts i think?
(65:46 / Allies) NOMORELEFT: death and decay
(65:48 / Allies) Tecnolife: o
(65:52 / Allies) Mata.: icic
(66:07 / All) Mata.: Aight
(66:10 / All) Mata.: you wanna tussle ?
(66:11 / All) Mata.: lets go
(66:17 / All) Tecnolife: i wanna russle yo hair
(66:47 / All) Mata.: welcome to my island
(66:49 / All) Mata.: enyoy your stay
(66:52 / All) Tecnolife: lol
(67:11 / Allies) Mata.: tc back for more ?
(67:22 / All) scoup: good thing you have those four protectors
(67:24 / All) Mata.: where you goin pink
(67:33 / All) Tecnolife: he want to save his baes
(67:44 / Allies) Mata.: wanted to throw a hammer at him
(67:46 / All) scoup: oic
(67:47 / All) Tecnolife: and he tp home like it aint no thing
(67:59 / Allies) Mata.: dragon about to kill warden hEH
(68:07 / Allies) Tecnolife: HEH
(68:13 / Allies) Tecnolife: dragon owns
(68:14 / Allies) Tecnolife: btw
(68:20 / Allies) Mata.: you devour anything ??
(68:24 / Allies) Tecnolife: ur mom
(68:25 / Allies) Tecnolife: lmao
(68:36 / Allies) scoup: literally roflin